 Dungeon Crawl Stone Soup version 0.18-a0-1041-gbe91bf5 (webtiles) character file.

745 dvd the Chiller (level 7, -1/43 HPs)
             Began as an Octopode Ice Elementalist on Jan 10, 2016.
             Was a Follower of Sif Muna.
             Slain by an orc
             ... wielding a +0 flail
              (10 damage)
             ... on level 4 of the Dungeon.
             The game lasted 00:17:12 (5752 turns).

dvd the Chiller (Octopode Ice Elementalist)         Turns: 5752, Time: 00:17:12

Health: -1/43      AC:  7    Str:  8    XL:     7   Next: 76%
Magic:  3/14       EV: 13    Int: 19    God:    Sif Muna [*.....]
Gold:   207        SH:  6    Dex: 12    Spells: 5 memorised, 1 level left

rFire  . . .     SeeInvis .     a - +4 mace (drain)
rCold  . . .     Gourm    .     (no shield)
rNeg   + . .     Faith    .     (helmet restricted)
rPois  .         Spirit   .     (no amulet)
rElec  .         Dismiss  .     p - ring of positive energy
rCorr  .         Reflect  .     (no ring)
SustAt .         Harm     .     (no ring)
MR     .....                    (no ring)
Stlth  ++++......               (no ring)
                                (no ring)
                                (no ring)
                                (no ring)

@: icy armour, icy shield, drained, not resistant to hostile enchantments,
stealthy
A: almost no armour, amphibious, 8 rings, constrict 8, camouflage 1, gelatinous
body 1
a: Channel Energy, Renounce Religion


You were on level 4 of the Dungeon.
You worshipped Sif Muna.
Sif Muna was aware of your devotion.
You were not hungry.

You visited 1 branch of the dungeon, and saw 4 of its levels.

You collected 207 gold pieces.

Inventory:

Hand Weapons
 a - a +4 mace of draining (weapon)
 d - a +0 mace
 y - a +0 war axe
 A - a +0 war axe
 D - a +0 halberd
 G - a +0 falchion
Jewellery
 p - a ring of positive energy (left tentacle)
Wands
 j - a wand of slowing (13/48)
Scrolls
 c - a scroll of fear {unknown}
 e - 4 scrolls of remove curse {unknown}
 g - a scroll of fog {unknown}
 h - 4 scrolls of teleportation {unknown}
 n - a scroll of random uselessness {unknown}
 r - a scroll of enchant armour {unknown}
 t - 2 scrolls of immolation {unknown}
 v - a scroll of identify {unknown}
 B - a scroll of amnesia {unknown}
Potions
 f - a potion of ambrosia {unknown}
 k - 2 potions of brilliance {unknown}
 l - 2 potions of agility {unknown}
 o - 4 potions of curing {unknown}
 q - a potion of magic {unknown}
 u - a potion of lignification {unknown}
 x - 3 potions of might {unknown}
 z - a potion of resistance {unknown}
 C - a potion of haste {unknown}
 E - a potion of heal wounds {unknown}
 H - a potion of cancellation {unknown}
Books
 i - Sif Muna's Collected Works on Stones
   (You found it on level 3 of the Dungeon)

   Spells                             Type                      Level
   a - Sandblast                      Earth                        1
 F - a book of Frost

   Spells                             Type                      Level
   a - Freeze                         Ice                          1
   b - Throw Frost                    Conjuration/Ice              2
   c - Ozocubu's Armour               Charms/Ice                   3
   d - Throw Icicle                   Conjuration/Ice              4
   e - Summon Ice Beast               Ice/Summoning                4
   f - Condensation Shield            Ice                          4
Comestibles
 b - 4 bread rations
 m - a royal jelly
 s - a chunk of flesh
 w - 16 fruits


   Skills:
 + Level 1.3(1.1) Fighting
 + Level 0.8(0.6) Maces & Flails
 + Level 3.3(3.2) Dodging
 + Level 3.6(3.5) Stealth
 * Level 4.8(4.7) Spellcasting
 + Level 1.3(1.2) Conjurations
 + Level 0.8(0.6) Charms
 * Level 6.0(5.8) Ice Magic


You had one spell level left.
You knew the following spells:

 Your Spells              Type           Power        Failure   Level  Hunger
a - Freeze                Ice            ####         1%          1    None
b - Throw Frost           Conj/Ice       ###...       6%          2    #......
c - Ozocubu's Armour      Chrm/Ice       ###.....     12%         3    ##.....
d - Condensation Shield   Ice            ####......   12%         4    ####...
e - Throw Icicle          Conj/Ice       ###.....     34%         4    ####...


Dungeon Overview and Level Annotations

Branches:
Dungeon (4/15)
 Temple: D:4-7

Altars:
Fedhas
Makhleb
Sif Muna

Shops:
D:4 %


Innate Abilities, Weirdness & Mutations

You cannot wear most types of armour.
You are amphibious.
You can wear up to eight rings at the same time.
You can use your tentacles to constrict eight enemies at once.
Your skin changes colour to match your surroundings (Stealth).
Your rubbery body absorbs attacks (AC +1).


Message History

The magic dart hits you!
You barely miss the orc priest. Your grab misses the orc priest.
You block the orc wizard's attack. The orc hits you but does no damage.
The orc priest hits you but does no damage.
You block the orc wizard's attack.
Unknown command.
Casting: Throw Frost
Confirm with . or Enter, or press ? or * to list all spells.
Aiming: Freeze
Press: ? - help, Shift-Dir - straight line, f - orc priest, p - orc wizard
Aim: an orc priest, wielding a club You freeze the orc priest.
The orc priest is severely wounded.
The orc wizard gestures wildly while chanting.
The orc wizard blinks!
The orc priest mumbles some strange prayers to Beogh against you.
Pain shoots through your body!
* * * LOW HITPOINT WARNING * * *
The orc hits you with a flail!
You die...

#....################
#....#..............#
#....#..............#
#....#..............##
#..o.########'###....#
#..................###
#...<..............#
#####.o............# o
#@ยง............# .o#####
#o.............#
.......########..............###
#....o.o......######'#.........
#.............'......'.........
#.....o.......#......#.........
#.............#'######.........
###.....####..............###'#..
.########..#..............#...#..


You could see an orc priest, an orc wizard and an orc.

Vanquished Creatures
  Grinder (D:3)
  2 hounds
  2 orc priests (D:3)
  Ijyb (D:2)
  Natasha (D:3)
  A worker ant (D:4)
  5 orc wizards
  Robin (D:3)
  3 gnolls (D:4)
  5 adders
  An ooze (D:4)
  An adder skeleton (D:4)
  6 worms
  4 giant geckos
  17 orcs
  2 giant cockroaches (D:2)
  15 goblins
  8 hobgoblins
  2 jackals (D:3)
  5 kobolds
  3 quokkas
  A ball python (D:2)
  10 bats
  5 giant newts
  8 rats
110 creatures vanquished.

Notes
Turn   | Place    | Note
--------------------------------------------------------------
     0 | D:1      | dvd the Octopode Ice Elementalist began the quest for the Orb.
     0 | D:1      | Reached XP level 1. HP: 11/11 MP: 3/3
   243 | D:1      | Reached XP level 2. HP: 17/17 MP: 3/5
   342 | D:1      | Learned a level 2 spell: Throw Frost
  1554 | D:1      | Reached XP level 3. HP: 17/21 MP: 3/6
  1777 | D:2      | Noticed Ijyb
  1797 | D:2      | Reached skill level 4 in Ice Magic
  1929 | D:2      | Learned a level 3 spell: Ozocubu's Armour
  1953 | D:2      | Killed Ijyb
  1958 | D:2      | Reached XP level 4. HP: 19/27 MP: 0/7
  2767 | D:3      | Noticed Grinder
  2769 | D:3      | Paralysed by Grinder for 5 turns
  2781 | D:3      | Killed Grinder
  2781 | D:3      | Reached skill level 1 in Fighting
  2781 | D:3      | Reached skill level 5 in Ice Magic
  2781 | D:3      | Reached XP level 5. HP: 12/33 MP: 5/10
  2781 | D:3      | Reached XP level 6. HP: 13/38 MP: 5/11
  2993 | D:3      | Learned a level 4 spell: Condensation Shield
  3026 | D:3      | Found a deep blue altar of Sif Muna.
  3038 | D:3      | Became a worshipper of Sif Muna the Loreminder
  3375 | D:3      | Identified Sif Muna's Collected Works on Stones
  3667 | D:3      | Found a burning altar of Makhleb.
  3721 | D:3      | Noticed Natasha
  3736 | D:3      | Killed Natasha
  3833 | D:3      | Reached XP level 7. HP: 29/43 MP: 4/13
  4146 | D:3      | Noticed Robin
  4164 | D:3      | Killed Robin
  4408 | D:4      | Learned a level 4 spell: Throw Icicle
  4447 | D:4      | Found a blossoming altar of Fedhas.
  4584 | D:4      | Found Siweyt's Food Emporium.
  4957 | D:4      | Reached * piety under Sif Muna
  5374 | D:4      | Reached skill level 6 in Ice Magic
  5752 | D:4      | Slain by an orc

Vault maps used:
D:1:      enne_arrival_octagon_isle, serial_forest,
          infiniplex_forest_lined_room_2, infiniplex_forest_end_1,
          infiniplex_forest_clump_curved, infiniplex_forest_lined_corner,
          infiniplex_forest_clump_curved, infiniplex_forest_join,
          infiniplex_forest_straight_2, infiniplex_forest_corner_1
D:2:      uniq_iyjb
D:3:      makhleb_blood_cavern_becter, first_bread, dk_vineyard_2, led_sif_book,
          uniq_robin, uniq_grinder, uniq_natasha
D:4:      fedhas_altar_1, serial_shops, shop

Action                   |  1- 3 |  4- 6 |  7- 9 || total
-------------------------+-------+-------+-------++-------
Melee: Unarmed           |    12 |       |       ||    12
       Mace              |    19 |    58 |    59 ||   136
 Cast: Freeze            |    30 |    13 |    32 ||    75
       Throw Frost       |     8 |    15 |    16 ||    39
       Ozocubu's Armour  |       |    11 |    14 ||    25
       Condensation Shie |       |       |     2 ||     2
 Stab: Sleeping          |     4 |    10 |     2 ||    16
  Eat: Chunk             |     4 |     6 |     8 ||    18
       Beef jerky        |       |     1 |       ||     1
